 Dungeon Crawl Stone Soup version 0.29.1-12-g30fa7ad0bf (webtiles) character file.

Game seed: 9211453127644304321

36 cheesebisquit the Chopper (level 3, 0/33 HPs)
             Began as a Minotaur Berserker on Jan 12, 2023.
             Was a Follower of Trog.
             Slain by an adder (4 damage)
             ... on level 2 of the Dungeon.
             The game lasted 00:02:13 (1151 turns).

cheesebisquit the Chopper (Minotaur Berserker)      Turns: 1151, Time: 00:02:14

Health: 0/33       AC:  2    Str: 29    XL:     3   Next: 19%
Magic:  2/2        EV: 12    Int:  4    God:    Trog [*.....]
Gold:   55         SH:  0    Dex:  9    Spells: 2/2 levels left

rFire   . . .      SeeInvis .   a - +0 hand axe
rCold   . . .      Faith    .   (no shield)
rNeg    . . .      Spirit   .   b - +0 animal skin
rPois   .          Reflect  .   (helmet restricted)
rElec   .          Harm     .   (no cloak)
rCorr   .          Rampage  .   (no gloves)
Will    .....                   (no boots)
Stlth   +.........              (no amulet)
HPRegen 0.11/turn               g - +6 ring of strength
MPRegen 0.08/turn               (no ring)

@: no status effects
A: horns 2, retaliatory headbutt
a: Renounce Religion, Berserk


You were on level 2 of the Dungeon.
You worshipped Trog.
Trog was aware of your devotion.
You visited 1 branch of the dungeon, and saw 2 of its levels.

You collected 55 gold pieces.

Inventory:

Hand Weapons
 a - a +0 hand axe (weapon)
Missiles
 e - 5 poisoned darts (quivered)
Armour
 b - a +0 animal skin (worn)
Jewellery
 g - a +6 ring of strength (left hand)
Scrolls
 f - 2 scrolls of identify {unknown}
Potions
 c - 2 potions of curing {unknown}
 d - 2 potions of flight {unknown}


   Skills:
 - Level 4.0 Fighting
 + Level 4.4 Axes
 - Level 2.8 Armour
 - Level 2.5 Dodging


You had 2 spell levels left.
You didn't know any spells.
Your spell library was empty.

Dungeon Overview and Level Annotations

Branches:
Dungeon (2/15)

Altars:


Innate Abilities, Weirdness & Mutations

You have a pair of horns on your head.
You reflexively headbutt those who attack you in melee.


Message History

You furiously retaliate!
You headbutt the jackal. You closely miss the jackal.
The jackal is heavily wounded.
You hit the adder. The adder bites you.
* * * LOW HITPOINT WARNING * * *
The jackal barely misses you. The adder misses you.
The adder completely misses you. The adder attacks as you move away!
The adder misses you. You furiously retaliate!
You headbutt the adder, but do no damage.
The adder misses you. The adder attacks as you move away!
The adder barely misses you.
There is an open door here.
The adder attacks as you move away! The adder closely misses you.
The adder attacks as you move away! The adder closely misses you.
The adder attacks as you move away! The adder closely misses you.
You furiously retaliate!
You headbutt the adder, but do no damage.
The adder bites you but does no damage. The adder barely misses you.
You furiously retaliate!
You headbutt the adder.
The jackal bites you but does no damage.
The jackal attacks as you move away! The jackal misses you.
The adder attacks as you move away! The adder bites you but does no damage.
The jackal closely misses you. You furiously retaliate!
You headbutt the jackal.
You kill the jackal!
Trog accepts your kill. The adder bites you.
* * * LOW HITPOINT WARNING * * *
The adder attacks as you move away! The adder bites you.
* * * LOW HITPOINT WARNING * * *
There is an open door here.
Things that are here:
a +0 whip; a kobold corpse The adder attacks as you move away!
The adder completely misses you. The adder bites you.
* * * LOW HITPOINT WARNING * * *
The adder bites you.
You die...

...##........#
...##........#
...##........#
...##......†.#####
...##........')..#
...##........###.#
#........# #.#
#........# #S#
########## #@# #.#
#.# #.# #.# #.#
#.##########
#.........<#
############


You could see an adder.

Vanquished Creatures
  An adder (D:2)
  A dart slug (D:1)
  An endoplasm (D:1)
  A giant cockroach (D:1)
  2 goblins
  A hobgoblin (D:1)
  2 jackals (D:2)
  4 kobolds
  2 quokkas (D:1)
  2 ball pythons (D:1)
  3 bats
  2 frilled lizards (D:1)
  3 rats (D:1)
25 creatures vanquished.

Notes
Turn   | Place    | Note
-------+----------+-------------------------------------------
     0 | D:1      | cheesebisquit the Minotaur Berserker began the quest for
                  | the Orb.
     0 | D:1      | Reached XP level 1. HP: 19/19 MP: 0/0
   150 | D:1      | Found a faded altar of an unknown god.
   159 | D:1      | Reached XP level 2. HP: 12/27 MP: 1/1
  1015 | D:2      | Reached XP level 3. HP: 29/33 MP: 2/2
  1151 | D:2      | Slain by an adder

Illustrated notes

Levels and vault maps discovered:
D:1:      dpeg_arrival_pits, layout_basic,
          hellmonk_ecumenical_altar_pennies_from_heaven, kennysheep_boxes
D:2:      layout_basic

Skill      XL: |  1  2 |
---------------+-------+-----
Fighting       | 4 |  4.0
Axes           | 4 |  4.4
Armour         | |  2.8
Dodging        | |  2.5

Action                   || total
-------------------------++-------
Melee: Hand axe          ||    61
       Headbutt          ||     6
Armor: Animal skin       ||    23
Dodge: Dodged            ||    58
